 Dungeon Crawl Stone Soup version 0.21.1-1-g345015f (webtiles) character file.

14184 Lorn the Blocker (level 11, -8/99 HPs)
             Began as a Deep Dwarf Berserker on Mar 17, 2018.
             Was a Priest of Trog.
             Mangled by an ettin
             ... wielding a cursed +0 dire flail
              (38 damage)
             ... on level 11 of the Dungeon.
             The game lasted 00:50:22 (9517 turns).

Lorn the Blocker (Deep Dwarf Berserker)             Turns: 9517, Time: 00:50:23

Health: -8/99      AC: 20    Str: 25    XL:     11   Next: 85%
Magic:  0/0        EV:  8    Int:  7    God:    Trog [***...]
Gold:   192        SH: 14    Dex: 12    Spells: 10/10 levels left

rFire    . . .     SeeInvis +   D - +1 scimitar (flame)
rCold    . . .     Gourm    .   t - +1 shield
rNeg     . . .     Faith    .   G - +3 plate armour {rPois}
rPois    +         Spirit   .   x - +1 helmet
rElec    .         Reflect  .   (no cloak)
rCorr    .         Harm     +   v - +0 pair of gloves
MR       +....                  (no boots)
Stlth    ..........             C - amulet of harm
HPRegen  0.00/turn              a - ring of see invisible
MPRegen  0.07/turn              (no ring)

@: berserk cooldown, non-regenerating, drained
A: damage resistance, heal wounds, sense surroundings 2, no regeneration
a: Heal Wounds, Berserk, Trog's Hand, Burn Spellbooks, Renounce Religion


You were on level 11 of the Dungeon.
You worshipped Trog.
Trog was most pleased with you.
You were full.

You visited 2 branches of the dungeon, and saw 12 of its levels.

You collected 696 gold pieces.
You spent 504 gold pieces at shops.

Inventory:

Hand Weapons
 b - a +0 battleaxe
 q - a +1 war axe
 w - a cursed +3 battleaxe of freezing
 y - a cursed +2 halberd of freezing
 D - a +1 scimitar of flaming (weapon)
 M - a +2 battleaxe of electrocution
 O - a +0 hand axe of flaming
 P - a +0 hand axe of chopping
Armour
 f - +0 ice dragon scales
 t - a +1 shield (worn)
 v - a +0 pair of gloves (worn)
 x - a +1 helmet (worn)
 E - the +1 ring mail of Jixum {+Fly Str+2 Int-5, unknown}
   (You took it off Joseph on level 8 of the Dungeon)

   It affects your strength (+2).
   It affects your intelligence (-5).
   It lets you fly.
 G - a +3 plate armour of poison resistance (worn)
 Q - a +1 plate armour of cold resistance
Jewellery
 a - a ring of see invisible (left hand)
 n - an uncursed ring of see invisible
 s - an uncursed ring of ice
 u - an uncursed ring of magical power
 C - an amulet of harm (around neck)
Wands
 H - a wand of acid (8)
 K - a wand of flame (22)
Scrolls
 e - 2 scrolls of remove curse
 g - 11 scrolls of identify
 i - 2 scrolls of fear
 j - 6 scrolls of teleportation
 m - 5 scrolls of enchant weapon
 p - a scroll of magic mapping
 r - a scroll of amnesia
Potions
 d - 2 potions of flight {unknown}
 h - 4 potions of curing {unknown}
 k - 2 potions of haste {unknown}
 l - 3 potions of heal wounds {unknown}
 o - 4 potions of lignification
 z - a potion of brilliance {unknown}
 B - 2 potions of might
 I - a potion of degeneration {unknown}
 J - a potion of magic {unknown}
 N - a potion of resistance {unknown}
Miscellaneous
 A - a phial of floods
 L - a lamp of fire
Comestibles
 c - 20 rations
 F - 11 chunks of flesh


   Skills:
 + Level 6.6(6.3) Fighting
 + Level 8.2(7.9) Long Blades
 + Level 10.6(10.3) Axes
 + Level 8.2(7.9) Armour
 - Level 3.3(3.1) Dodging
 + Level 1.4(1.2) Stealth
 * Level 11.7(11.4) Shields


You had 10 spell levels left.
You didn't know any spells.

Dungeon Overview and Level Annotations

Branches:
Dungeon (11/15)            Temple (1/1) D:5             Orc (0/2) D:10
   Lair: D:8-11

Altars:
Ashenzari
Cheibriados
Dithmenos
Elyvilon
Fedhas
Gozag
Hepliaklqana
Kikubaaqudgha
Makhleb
Nemelex Xobeh
Okawaru
Qazlal
Ru
Sif Muna
Trog
Uskayaw
Vehumet
Wu Jian
Xom
Yredelemnul
Zin
The Shining One

Shops:
D:10 *?[[   D:11 (

Annotations:
D:10 ОРОЧЬИ ШАХТЫ


Innate Abilities, Weirdness & Mutations

You are resistant to damage.
You can heal yourself by infusing magical energy.
You passively map the area around you.
You do not regenerate.


Message History

The ettin hits you with a dire flail!!
You feel yourself speed up. The ettin hits you with a dire flail!!
The ettin closely misses you.
You fail to use your ability.
You block the ettin's attack. The ettin barely misses you.
You fail to use your ability.
The ettin hits you but does no damage. The ettin hits you with a dire flail!!
You fail to use your ability.
Your magical essence is drained by the effort!
You feel much better. You block the ettin's attack.
The ettin hits you with a dire flail!!
Your magical essence is drained by the effort!
You feel much better.
The ettin hits you with a dire flail! x2
You fail to use your ability.
You block the ettin's attack. The ettin barely misses you.
Your polar bear goes berserk!
You feel somewhat less full.
You can no longer call in reinforcements.
You block the ettin's attack. The ettin hits you with a dire flail!!
You die...

.###.# ##......####..###..#
.# #..# .........###..#, *
.# #..# ..#....[##.%.# .#
#..# , ,#####.#.}[#..## , .#
#..## ,##..#....[##...# .#
#..##.,##........)###..# ##
.#
#..#...#........####).###..#
.# *
#...#...#########...#...# .#
, #...#....C@.)([()...#...#
.#* ,##.,##...##.#.##%(.##
.## .. , # ##...#.h)#...##
,,# ## ** ,#############,
,... #... , ..## ##.. ,*
#... ,, ,...# ####* * ####


You could see an ettin and a friendly polar bear (berserk).

Vanquished Creatures
  A sphinx (D:11)
  Erica (D:8)
  4 two-headed ogres
  A manticore (D:11)
  A manticore (shapeshifter) (D:11)
  Joseph (D:8)
  A centaur skeleton (D:11)
  2 trolls
  The ghost of PipsiMox the Slasher, an amateur HOMo of Beogh (D:4)
  A hippogriff (D:11)
  9 yaks
  A wyvern (D:8)
  Menkaure (D:5)
  An acid dragon (D:11)
  5 orc warriors
  3 ice beasts
  2 black bears
  A necrophage (D:9)
  3 ogres
  A centaur (D:9)
  3 big kobolds
  4 bullfrogs
  A wyvern zombie (D:11)
  A gnoll sergeant (D:8)
  2 scorpions
  A howler monkey (D:6)
  3 wights (D:11)
  A crimson imp (D:5)
  A bullfrog zombie (D:9)
  A centaur zombie (D:7)
  A jelly (D:7)
  5 hounds
  5 orc priests
  A bullfrog skeleton (D:10)
  Jessica (D:3)
  7 iguanas
  9 orc wizards
  4 worker ants
  A worker ant zombie (D:11)
  14 gnolls
  7 adders
  A shadow imp (D:9)
  An ooze (D:1)
  5 dart slugs
  2 leopard geckos
  52 orcs
  2 giant cockroaches
  8 goblins
  6 hobgoblins
  6 jackals
  2 quokkas
  3 ball pythons
  A ball python skeleton (D:4)
  13 bats
  4 frilled lizards
  A jackal zombie (D:5)
  18 kobolds
  5 rats
244 creatures vanquished.

Vanquished Creatures (collateral kills)
  Snorg (D:10)
  A catoblepas (D:11)
  A flayed ghost (D:11)
  A necromancer (D:11)
  A manticore (D:11)
  A yak (D:11)
  2 orc warriors (D:9)
  An ogre (D:11)
  2 wights (D:11)
  A crimson imp (D:8)
  A hound (D:9)
  2 orc priests
  3 orc wizards
  An adder (D:11)
  A leopard gecko (D:11)
  7 orcs
  A kobold (D:11)
28 creatures vanquished.

Vanquished Creatures (others)
  10 fungi (D:11)
  A plant (D:11)
11 creatures vanquished.

Grand Total: 283 creatures vanquished

Notes
Turn   | Place    | Note
-------+----------+-------------------------------------------
     0 | D:1      | Lorn the Deep Dwarf Berserker began the quest for the Orb.
     0 | D:1      | Reached XP level 1. HP: 20/20 MP: 1/1
   118 | D:1      | Reached XP level 2. HP: 27/27 MP: 2/2
   570 | D:1      | Reached XP level 3. HP: 34/34 MP: 3/3
   790 | D:1      | Reached ** piety under Trog
   806 | D:1      | You fall through a shaft!
   878 | D:2      | Reached XP level 4. HP: 42/42 MP: 4/4
  1019 | D:2      | Found a faded altar of an unknown god.
  1807 | D:3      | Found a deep blue altar of Sif Muna.
  2106 | D:3      | Noticed Jessica
  2113 | D:3      | Killed Jessica
  2113 | D:3      | Reached skill level 5 in Axes
  2228 | D:3      | Noticed an ice beast
  2233 | D:3      | Killed an ice beast
  2233 | D:3      | Reached XP level 5. HP: 49/49 MP: 4/4
  2285 | D:3      | Reached skill level 1 in Stealth
  2345 | D:3      | Reached *** piety under Trog
  2461 | D:4      | Reached XP level 6. HP: 54/56 MP: 4/4
  2580 | D:4      | Noticed PipsiMox's ghost (amateur HOMo)
  2607 | D:4      | Killed PipsiMox's ghost
  2607 | D:4      | Reached skill level 1 in Shields
  2607 | D:4      | Reached XP level 7. HP: 49/63 MP: 4/4
  2620 | D:4      | Found a snail-covered altar of Cheibriados.
  3093 | D:5      | Entered Level 5 of the Dungeon
  3122 | D:5      | Reached skill level 2 in Shields
  3166 | D:5      | Found a shadowy altar of Dithmenos.
  3169 | D:5      | Noticed Menkaure
  3174 | D:5      | Killed Menkaure
  3342 | D:5      | Reached skill level 3 in Shields
  3595 | D:5      | Reached XP level 8. HP: 55/72 MP: 5/5
  3625 | D:5      | Found a staircase to the Ecumenical Temple.
  3638 | Temple   | Entered the Ecumenical Temple
  4532 | D:6      | Reached skill level 4 in Shields
  4715 | D:6      | Found a glowing golden altar of the Shining One.
  4947 | D:7      | Reached **** piety under Trog
  5412 | D:7      | Found an ornate altar of the Wu Jian Council.
  5632 | D:7      | Reached skill level 5 in Shields
  6222 | D:8      | Reached skill level 5 in Armour
  6387 | D:8      | Noticed Erica
  6417 | D:8      | Killed Erica
  6417 | D:8      | Reached skill level 10 in Axes
  6417 | D:8      | Reached skill level 6 in Shields
  6417 | D:8      | Gained mutation: You passively map the area around you. [Deep Dwarf growth]
  6417 | D:8      | Reached XP level 9. HP: 48/80 MP: 6/6
  6527 | D:8      | Reached skill level 5 in Fighting
  6552 | D:8      | Noticed Joseph
  6573 | D:8      | Killed Joseph
  6573 | D:8      | Reached skill level 1 in Long Blades
  6575 | D:8      | Got a brightly glowing ring mail
  6656 | D:8      | Noticed a two-headed ogre
  6665 | D:8      | Killed a two-headed ogre
  6665 | D:8      | Reached skill level 7 in Shields
  6823 | D:8      | Found a sparkling altar of Nemelex Xobeh.
  7007 | D:9      | Reached XP level 10. HP: 88/88 MP: 5/5
  7068 | D:9      | Found a deep blue altar of Sif Muna.
  7322 | D:9      | Reached skill level 8 in Shields
  7366 | D:9      | Noticed a two-headed ogre
  7371 | D:9      | Killed a two-headed ogre
  7381 | D:9      | Noticed a two-headed ogre
  7396 | D:9      | Killed a two-headed ogre
  7396 | D:9      | Reached skill level 5 in Long Blades
  7578 | D:9      | Reached skill level 9 in Shields
  7829 | D:9      | Noticed a two-headed ogre
  7834 | D:9      | Killed a two-headed ogre
  7988 | D:10     | Entered Level 10 of the Dungeon
  8221 | D:10     | Reached XP level 11. HP: 92/97 MP: 5/5
  8235 | D:10     | Noticed Snorg
  8244 | D:10     | Killed Snorg
  8244 | D:10     | Reached skill level 10 in Shields
  8269 | D:10     | Found Figg's Assorted Antiques.
  8466 | D:10     | Found Doulaq's Antique Armour Emporium.
  8570 | D:10     | Found a staircase to the Orcish Mines.
  8612 | D:10     | Found Giobrutoum's Armour Emporium.
  8622 | D:10     | Bought a +3 plate armour of poison resistance for 504 gold pieces
  8735 | D:10     | Found Oreaqin's Magic Scroll Shoppe.
  8952 | D:11     | Found Ziroicvu's Weapon Shop.
  9280 | D:11     | Noticed a catoblepas
  9287 | D:11     | Killed a catoblepas
  9291 | D:11     | Noticed a necromancer
  9300 | D:11     | Killed a necromancer
  9317 | D:11     | Noticed a flayed ghost
  9326 | D:11     | Reached skill level 11 in Shields
  9335 | D:11     | Killed a flayed ghost
  9342 | D:11     | Noticed a deep troll
  9349 | D:11     | Noticed a mana viper
  9349 | D:11     | a deep troll changed into a mana viper
  9352 | D:11     | Noticed a deep troll
  9352 | D:11     | a mana viper changed into a deep troll
  9355 | D:11     | Noticed a sea snake
  9355 | D:11     | a deep troll changed into a sea snake
  9359 | D:11     | Noticed a two-headed ogre
  9359 | D:11     | a sea snake changed into a two-headed ogre
  9360 | D:11     | a two-headed ogre changed into a manticore
  9362 | D:11     | Received a gift from Trog
  9429 | D:11     | Noticed an ettin
  9436 | D:11     | Noticed a sphinx
  9464 | D:11     | Killed a sphinx
  9517 | D:11     | Mangled by an ettin

Skill      XL: |  1  2  3  4  5  6  7  8  9 10 11 |
---------------+----------------------------------+-----
Fighting       | 3 4 5 6 |  6.6
Axes           | 4 5 6 7 10 | 10.6
Dodging        | 3 |  3.3
Armour         | 3 4 5 6 8 |  8.2
Stealth        | 1 |  1.4
Shields        | 1 3 6 7 9 11 | 11.7
Long Blades    | 3 6 8 |  8.2

Action                   |  1- 3 |  4- 6 |  7- 9 | 10-12 || total
-------------------------+-------+-------+-------+-------++-------
Melee: Hand axe          |    94 |    49 |       |       ||   143
       War axe           |       |   100 |   311 |       ||   411
       Scimitar          |       |       |    49 |   331 ||   380
Throw: Throwing net      |       |       |       |     1 ||     1
Invok: Berserk           |     1 |     1 |     4 |     5 ||    11
       Trog's Hand       |       |     1 |       |       ||     1
       Brothers in Arms  |       |       |     4 |     8 ||    12
       Burn Spellbooks   |       |       |     1 |       ||     1
 Abil: Heal Wounds       |     1 |     5 |    16 |    25 ||    47
  Use: Scroll            |       |       |    10 |     2 ||    12
  Eat: Chunk             |       |     4 |     9 |    11 ||    24
       Ration            |       |     1 |     3 |     3 ||     7
Armor: Animal skin       |     2 |       |       |       ||     2
       Ice dragon scales |    61 |    57 |   128 |    79 ||   325
       Plate armour      |       |       |       |    63 ||    63
Dodge: Dodged            |    69 |    84 |   128 |    92 ||   373
Block: Shield            |       |     7 |   202 |   279 ||   488
       Rpst.: Scimitar   |       |       |     8 |    22 ||    30
